 Dungeon Crawl Stone Soup version 0.29-a0-251-g80730f7218 (webtiles) character file.

Game seed: 2164605961833259396

37 jlumianski the Chopper (level 3, 0/27 HPs)
             Began as a Demonspawn Gladiator on Mar 5, 2022.
             Slain by Robin
             ... wielding a +8 club
              (8 damage)
             ... on level 1 of the Dungeon.
             The game lasted 00:05:23 (1512 turns).

jlumianski the Chopper (Demonspawn Gladiator)       Turns: 1512, Time: 00:05:24

Health: 0/27       AC:  5    Str: 16    XL:     3   Next: 23%
Magic:  3/3        EV: 12    Int:  9    God:
Gold:   43         SH:  0    Dex: 16    Spells: 2/2 levels left

rFire   . . .      SeeInvis .   a - +0 war axe
rCold   . . .      Faith    .   (no shield)
rNeg    . . .      Spirit   .   b - +0 leather armour
rPois   .          Reflect  .   c - +0 helmet
rElec   .          Harm     .   (no cloak)
rCorr   .          Rampage  .   l - +0 pair of gloves
Will    .....                   (no boots)
Stlth   ++........              (no amulet)
HPRegen 0.09/turn               (no ring)
MPRegen 0.08/turn               (no ring)

@: no status effects
A: ignite blood 1, thin skeletal structure 1, sense surroundings 1, MP-powered
wands
a: no special abilities


You were on level 1 of the Dungeon.
You visited 1 branch of the dungeon, and saw 2 of its levels.

You collected 43 gold pieces.

Inventory:

Hand Weapons
 a - a +0 war axe (weapon)
 i - a +0 glaive
 k - a +2 short sword of venom
 m - a +0 hunting sling of freezing
Missiles
 d - 3 throwing nets
 e - 37 stones (quivered)
Armour
 b - a +0 leather armour (worn)
 c - a +0 helmet (worn)
 l - a +0 pair of gloves (worn)
Scrolls
 f - a scroll of teleportation {unknown}
 g - a scroll of identify {unknown}
Potions
 h - a potion of lignification {unknown}
 j - a potion of haste {unknown}


   Skills:
 + Level 2.1 Fighting
 + Level 3.2 Axes
 + Level 2.0 Throwing
 + Level 0.8 Armour
 + Level 3.0 Dodging
 + Level 0.4 Stealth


You had 2 spell levels left.
You didn't know any spells.
Your spell library was empty.

Dungeon Overview and Level Annotations

Branches:
Dungeon (2/15)

Altars:

Annotations:
D:1 Robin


Innate Abilities, Weirdness & Mutations

Your demonic aura sometimes causes spilled blood to erupt in flames.
You have a somewhat thin skeletal structure. (Dex +2, Stealth+)
You passively map a small area around you.
You expend magic power (3 MP) to strengthen your wands.


Message History

The goblin unwields a +0 hunting sling of freezing.
The goblin wields a +0 dagger.
The goblin barely misses you.
You climb upwards.
There is a stone staircase leading down, spattered with blood here.
You slash the goblin!
You kill the goblin!
Items here: )))))) ÷.
m - a +0 hunting sling of freezing
There is a stone staircase leading down, spattered with blood here.
You start resting.
HP restored.
You climb downwards.
Level annotation: Robin Robin roars a battlecry!
There is a stone staircase leading up, spattered with blood here.
A goblin comes into view. It is wielding a +0 club.
A goblin comes into view. It is wielding a +0 dagger.
Robin barely misses you.
You climb upwards.
There is a stone staircase leading down, spattered with blood here.
You slash Robin!
Robin is heavily wounded.
Robin hits you with a +8 club. x2
You hit Robin but do no damage.
Robin is heavily wounded.
Robin barely misses you.
You hit Robin.
Robin is heavily wounded.
Robin barely misses you.
You closely miss Robin.
Robin is heavily wounded.
Robin drinks a potion.
Robin is healed!
Robin barely misses you.
You hit Robin.
Robin is lightly wounded.
Robin hits you with a +8 club!
* * * LOW HITPOINT WARNING * * *
You hit Robin but do no damage.
Robin is lightly wounded.
Robin hits you with a +8 club!
You die...

..# ##.###.# ..# #..#)..### ..#
#..).#.... ..# #..###....
..############ #.........
...†.........##### ##...##....
.###########.....# ##..####....
...## #####g### #..###......
###.## #@).###......##.## ...#.##
###..##).######..# ...≈..##
##.#...# ##.#
..≈.≈#.###########......#######..
.≈.≈..#..........................
≈.≈...#.#####.......#..########.#
.≈≈.÷.#.### #....................
_≈≈...#..>###......###'###......#
≈≈.≈..#............#8...8#......#


You could see Robin.

Vanquished Creatures
  A dart slug (D:1)
  2 endoplasms (D:1)
  A giant cockroach (D:1)
  9 goblins (D:1)
  2 hobgoblins (D:1)
  4 kobolds (D:1)
  A quokka (D:1)
  2 ball pythons (D:1)
  4 bats (D:1)
  2 frilled lizards (D:1)
  4 rats (D:1)
32 creatures vanquished.

Notes
Turn   | Place    | Note
-------+----------+-------------------------------------------
     0 | D:1      | jlumianski the Demonspawn Gladiator began the quest for the
                  | Orb.
     0 | D:1      | Reached XP level 1. HP: 16/16 MP: 1/1
   238 | D:1      | Gained mutation: You possess an exceptional clarity of
                  | mind. [potion of mutation]
   238 | D:1      | Gained mutation: You are clumsy. (Dex -2) [potion of
                  | mutation]
   238 | D:1      | Gained mutation: You sometimes lose the ability to read
                  | scrolls when taking damage. [potion of mutation]
   239 | D:1      | Lost mutation: You are clumsy. (Dex -2) [potion of
                  | mutation]
   239 | D:1      | Lost mutation: You possess an exceptional clarity of mind.
                  | [potion of mutation]
   239 | D:1      | Lost mutation: You sometimes lose the ability to read
                  | scrolls when taking damage. [potion of mutation]
   239 | D:1      | Gained mutation: You passively map a small area around you.
                  | [potion of mutation]
   239 | D:1      | Gained mutation: You have a somewhat thin skeletal
                  | structure. (Dex +2, Stealth+) [potion of mutation]
   239 | D:1      | Gained mutation: You expend magic power (3 MP) to
                  | strengthen your wands. [potion of mutation]
   366 | D:1      | Gained mutation: Your demonic aura sometimes causes spilled
                  | blood to erupt in flames. [demonic ancestry]
   366 | D:1      | Reached XP level 2. HP: 20/22 MP: 2/2
   585 | D:1      | Found a faded altar of an unknown god.
   977 | D:1      | Reached XP level 3. HP: 25/27 MP: 3/3
  1369 | D:2      | Noticed Robin
  1512 | D:1      | Slain by Robin

Illustrated notes

Levels and vault maps discovered:
D:1:      heliophobic_arrival_ceremonial_halls, layout_rooms,
          shapermc_ecumenical_altar_starsandcircs, minmay_tetromino_l2
D:2:      layout_basic, uniq_robin, uniq_terence, uniq_crazy_yiuf_cottage

Skill      XL: |  1  2 |
---------------+-------+-----
Throwing       | 2 |  2.0
Axes           | 3 |  3.2
Dodging        | 3 |  3.0
Fighting       | |  2.1
Armour         | |  0.8
Stealth        | |  0.4

Action                   || total
-------------------------++-------
Melee: War axe           ||    90
       Punch             ||     1
Throw: Stone             ||     4
  Use: Potion            ||     2
 Stab: Sleeping          ||     3
Armor: Leather armour    ||    38
Dodge: Dodged            ||    70

Table legend: (Time is in decaauts)
 A = Elapsed time spent in this place.
 B = Non-inter-level travel time spent in this place.
 C = Inter-level travel time spent in this place.
 D = Time resting spent in this place.
 E = Time spent auto-exploring this place.
 F = Levels seen in this place.
 G = Mean time per level.
                   A        B        C        D        E       F      G
               +--------+--------+--------+--------+--------+-----+--------+
         Total |   1551 |   1545 |      6 |    316 |    805 |   2 |  775.5 |
       Dungeon |   1551 |   1545 |      6 |    316 |    805 |   2 |  775.5 |
               +--------+--------+--------+--------+--------+-----+--------+

Top non-repeatable levels by time:
     D:1: 1517 daAuts
     D:2: 33 daAuts
